 Dungeon Crawl Stone Soup version 0.24.0-123-gd5b16e6ec5 (webtiles) character file.

Game seed: 13845409967895208525, levelgen mode: deterministic

6404 Destapler the Protected (level 10, -1/77 HPs)
             Began as a Gnoll Wanderer on Jan 3, 2020.
             Was a Priest of Okawaru.
             Slain by an orc warrior (3 damage)
             ... in a bailey.
             The game lasted 00:39:23 (8389 turns).

Destapler the Protected (Gnoll Wanderer)            Turns: 8389, Time: 00:39:25

Health: -1/77      AC: 13    Str: 16    XL:     10   Next: 98%
Magic:  20/20      EV: 12    Int: 15    God:    Okawaru [***...]
Gold:   508        SH: 12    Dex: 16    Spells: 22/22 levels left

rFire    + . .     SeeInvis .   a - +5 short sword (flame)
rCold    . . .     Gourm    .   s - +1 shield
rNeg     . . .     Faith    +   b - +2 scale mail
rPois    .         Spirit   .   (no helmet)
rElec    .         Reflect  .   (no cloak)
rCorr    .         Harm     .   B - +2 pair of gloves
MR       .....                  (no boots)
Stlth    ++........             l - amulet of faith
HPRegen  0.22/turn              w - ring of protection from fire
MPRegen  0.17/turn              (no ring)

@: no status effects
A: distributed training, fangs 1, strong nose
a: Heroism, Renounce Religion


You were in a bailey.
You worshipped Okawaru.
Okawaru was most pleased with you.
You were near starving.

You visited 2 branches of the dungeon, and saw 9 of its levels.
You also visited: Bailey.

You collected 508 gold pieces.

Inventory:

Hand Weapons
 a - a +5 short sword of flaming (weapon)
 g - a +1 whip of pain
 t - a +1 spear of flaming
 u - the +0 spear "Hiobboi" {protect, +Rage Int+7}
   (You found it on level 4 of the Dungeon)

   It grants its wielder temporary protection when it strikes (+7 to AC).
   It affects your intelligence (+7).
   It lets you go berserk.
 I - a +2 morningstar of draining
Missiles
 i - 273 stones (quivered)
 m - 11 boomerangs
 D - 12 poisoned darts
 G - 2 throwing nets
Armour
 b - a +2 scale mail (worn)
 e - the +0 ring mail of Lucidity {rCorr Str-4 Int-3 SInv}
   (You took it off a gnoll on level 3 of the Dungeon)

   It affects your strength (-4).
   It affects your intelligence (-3).
   It lets you see invisible.
   It provides partial protection from all sources of acid and corrosion.
 s - a +1 shield (worn)
 B - a +2 pair of gloves (worn)
Jewellery
 l - an amulet of faith (around neck)
 w - a ring of protection from fire (left hand)
Wands
 q - a wand of digging (7)
 E - a wand of acid (8)
 J - a wand of flame (14)
Scrolls
 j - 3 scrolls of teleportation
 n - a scroll of remove curse
 r - 2 scrolls of enchant weapon
 y - 2 scrolls of fog
 C - 2 scrolls of magic mapping
Potions
 c - 2 potions of lignification
 f - 5 potions of flight
 k - 3 potions of brilliance
 o - a potion of ambrosia
 p - 3 potions of resistance
 v - 3 potions of curing
 z - 2 potions of invisibility
 A - a potion of might
 F - a potion of haste
Comestibles
 d - 12 rations


   Skills:
 + Level 6.6 Fighting
 + Level 6.0 Short Blades
 + Level 6.0 Long Blades
 + Level 6.0 Axes
 + Level 6.6 Maces & Flails
 + Level 6.0 Polearms
 + Level 6.0 Staves
 + Level 6.0 Slings
 + Level 6.0 Bows
 + Level 6.0 Crossbows
 + Level 6.0 Throwing
 + Level 9.0 Armour
 + Level 6.0 Dodging
 + Level 6.0 Stealth
 + Level 7.6 Shields
 + Level 6.0 Unarmed Combat
 + Level 6.7 Spellcasting
 + Level 4.9 Conjurations
 + Level 4.9 Hexes
 + Level 5.4 Charms
 + Level 4.9 Summonings
 + Level 4.9 Necromancy
 + Level 4.9 Translocations
 + Level 4.9 Transmutations
 + Level 4.9 Fire Magic
 + Level 5.4 Ice Magic
 + Level 4.9 Air Magic
 + Level 4.9 Earth Magic
 + Level 4.9 Poison Magic
 + Level 6.5 Invocations
 + Level 6.0 Evocations


You had 22 spell levels left.
You didn't know any spells.
Your spell library was empty.

Dungeon Overview and Level Annotations

Branches:
Dungeon (8/15)             Temple (1/1) D:5          Bailey (1/1)
   Lair: D:8-11

Altars:
Ashenzari
Cheibriados
Dithmenos
Elyvilon
Fedhas
Gozag
Hepliaklqana
Kikubaaqudgha
Makhleb
Nemelex Xobeh
Okawaru
Qazlal
Ru
Sif Muna
Uskayaw
Vehumet
Wu Jian
Xom
Zin
The Shining One

Annotations:
D:6 1 transporter, Bergy's ghost, novice GrFi
D:7 Duvessa


Innate Abilities, Weirdness & Mutations

Your experience applies equally to all skills.
You have very sharp teeth.
Your uncanny sense of smell can sniff out nearby items.


Message History

You feel less confused. The orc closely misses you. You block the orc's attack.
The orc warrior hits you from afar with a +0 halberd!
* * * LOW HITPOINT WARNING * * *
You closely miss the orc warrior. The orc warrior misses you.
You block the orc's attack. The orc hits you but does no damage.
You puncture the orc warrior! You burn the orc warrior.
Your bite misses the orc warrior.
The orc warrior is heavily wounded.
The orc warrior hits you.
* * * LOW HITPOINT WARNING * * *
The orc warrior complains loudly, in orcish tradition.
The orc warrior closely misses you.
Your shield prevents you from hitting the orc warrior.
The orc warrior is heavily wounded.
You block the orc's attack.
The orc hits you from afar with a +0 halberd.
* * * LOW HITPOINT WARNING * * *
The orc warrior hits you.
You die...

### ##§## #@§§#
#§oo# .oo§§§.
o≈.§.....≈o
≈.≈≈.......≈≈o≈
≈≈≈o.#...#..≈≈≈
....##...##...o
#### ##∩## ####


You could see 2 orc warriors and 2 orcs.

Vanquished Creatures
  2 hungry ghosts
  A water moccasin (D:8)
  2 orc warriors
  2 ice beasts
  3 sky beasts
  4 ogres
  A black bear (D:7)
  A necrophage (D:6)
  A phantom (D:7)
  3 centaurs
  A big kobold (D:7)
  A bullfrog (D:5)
  A scorpion (D:5)
  Dowan (D:7)
  3 howler monkeys
  3 crimson imps
  2 hounds
  2 orc priests
  10 orc wizards
  A gnoll shaman (D:3)
  2 jellies (D:5)
  A bullfrog skeleton (D:4)
  6 worker ants
  9 gnolls
  8 adders
  2 oozes
  2 worms
  3 dart slugs
  6 leopard geckos
  18 orcs
  3 bats (D:2)
  7 giant cockroaches
  7 goblins
  8 hobgoblins
  2 jackals (D:5)
  15 kobolds
  6 quokkas
  5 ball pythons
  10 frilled lizards
  A leopard gecko skeleton (D:6)
  5 rats
171 creatures vanquished.

Vanquished Creatures (others)
  6 plants (D:6)
6 creatures vanquished.

Grand Total: 177 creatures vanquished

Notes
Turn   | Place    | Note
-------+----------+-------------------------------------------
     0 | D:1      | Destapler the Gnoll Wanderer began the quest for the Orb.
     0 | D:1      | Destapler set off with the following items: a +0 mace, a +2
                  | scale mail, a potion of lignification, a ration
     0 | D:1      | Reached XP level 1. HP: 17/17 MP: 4/4
   174 | D:1      | Reached XP level 2. HP: 20/23 MP: 5/5
   558 | D:1      | Reached XP level 3. HP: 22/28 MP: 7/7
   997 | D:1      | Reached skill level 1 in Invocations
  1139 | D:2      | Reached skill level 1 in Short Blades
  1139 | D:2      | Reached skill level 1 in Long Blades
  1139 | D:2      | Reached skill level 1 in Axes
  1139 | D:2      | Reached skill level 1 in Polearms
  1139 | D:2      | Reached skill level 1 in Staves
  1139 | D:2      | Reached skill level 1 in Slings
  1139 | D:2      | Reached skill level 1 in Bows
  1139 | D:2      | Reached skill level 1 in Crossbows
  1139 | D:2      | Reached skill level 1 in Throwing
  1139 | D:2      | Reached skill level 1 in Dodging
  1139 | D:2      | Reached skill level 1 in Stealth
  1139 | D:2      | Reached skill level 1 in Unarmed Combat
  1139 | D:2      | Reached skill level 1 in Evocations
  1139 | D:2      | Reached XP level 4. HP: 33/34 MP: 8/8
  1506 | D:2      | Reached skill level 1 in Conjurations
  1506 | D:2      | Reached skill level 1 in Hexes
  1506 | D:2      | Reached skill level 1 in Summonings
  1506 | D:2      | Reached skill level 1 in Necromancy
  1506 | D:2      | Reached skill level 1 in Translocations
  1506 | D:2      | Reached skill level 1 in Transmutations
  1506 | D:2      | Reached skill level 1 in Fire Magic
  1506 | D:2      | Reached skill level 1 in Air Magic
  1506 | D:2      | Reached skill level 1 in Earth Magic
  1506 | D:2      | Reached skill level 1 in Poison Magic
  1907 | D:3      | Found a glowing silver altar of Zin.
  1910 | D:3      | Found a shimmering blue altar of Sif Muna.
  1912 | D:3      | Found a shattered altar of Ashenzari.
  1912 | D:3      | Found an opulent altar of Gozag.
  1912 | D:3      | Found a shimmering altar of Xom.
  1913 | D:3      | Found a blossoming altar of Fedhas.
  1991 | D:3      | Found a burning altar of Makhleb.
  2079 | D:3      | Found a sparkling altar of Nemelex Xobeh.
  2118 | D:3      | Reached XP level 5. HP: 40/40 MP: 9/9
  2800 | D:4      | Found a sparkling altar of Nemelex Xobeh.
  2835 | D:4      | Reached XP level 6. HP: 47/47 MP: 10/10
  3072 | D:4      | Reached skill level 5 in Shields
  3285 | D:4      | Identified the cursed +0 ring mail of Lucidity {rCorr Str-4
                  | Int-3 SInv}
  3792 | D:3      | Reached XP level 7. HP: 34/52 MP: 12/12
  3917 | D:4      | Reached skill level 7 in Armour
  4448 | D:4      | Got a transparent spear
  4495 | D:5      | Entered Level 5 of the Dungeon
  4533 | D:5      | Found a staircase to the Ecumenical Temple.
  4567 | Temple   | Entered the Ecumenical Temple
  4660 | Temple   | Became a worshipper of Warmaster Okawaru
  4705 | D:5      | Reached XP level 8. HP: 52/60 MP: 14/14
  5161 | D:5      | Reached * piety under Okawaru
  5395 | D:5      | Found a glowing golden altar of the Shining One.
  5410 | D:5      | You fall into a shaft and drop 1 floor!
  5459 | D:6      | Found a transporter.
  5648 | D:6      | Identified the cursed +0 spear "Hiobboi" {protect, +Rage
                  | Int+7} (You found it on level 4 of the Dungeon)
  5764 | D:6      | HP: 1/61 [orc warrior/+0 short sword (10)]
  5766 | D:6      | Reached XP level 9. HP: 1/66 MP: 16/16
  6852 | D:6      | Found a transporter.
  6863 | D:6      | Noticed Bergy's ghost (novice GrFi)
  7300 | D:7      | Reached ** piety under Okawaru
  7511 | D:7      | Reached skill level 5 in Spellcasting
  7686 | D:7      | Noticed Dowan
  7688 | D:7      | Noticed Duvessa
  7710 | D:7      | Killed Dowan
  7768 | D:7      | Reached skill level 5 in Fighting
  7768 | D:7      | Reached skill level 5 in Maces & Flails
  7820 | D:7      | Reached skill level 8 in Armour
  7903 | D:7      | Reached *** piety under Okawaru
  8227 | D:8      | Reached skill level 5 in Invocations
  8318 | D:8      | Found a radiant altar of Vehumet.
  8340 | D:8      | Found an iron altar of Okawaru.
  8366 | D:8      | Found a flagged portal.
  8375 | Bailey   | Entered a bailey
  8377 | Bailey   | HP: 3/68 [orc warrior/bolt (17)]
  8380 | Bailey   | Reached skill level 9 in Armour
  8380 | Bailey   | Reached skill level 5 in Charms
  8380 | Bailey   | Reached skill level 5 in Ice Magic
  8380 | Bailey   | Reached XP level 10. HP: 4/77 MP: 17/20
  8388 | Bailey   | HP: 3/77 [orc warrior (6)]
  8389 | Bailey   | Slain by an orc warrior

Levels and vault maps discovered:
D:1:      lightli_arrival_lavapool, layout_basic, serial_curves, eino_curves_01,
          eino_curves_03, minmay_tiny_reverse_x
D:2:      layout_loops_ring, serial_park_tiny_pond
D:3:      layout_loops_ring, grunt_temple_overflow_open, lemuel_round_altar,
          first_ration, nemelex_xobeh_ov_fountains_minmay
D:4:      minmay_diamond_boxcup, layout_loops_ring, lemuel_doored_altar
D:5:      layout_cave_pools, nicolae_tso_carved_into_rock,
          minmay_temple_entry_junction
D:6:      layout_gridville, gammafunk_ghost_gnarly_gnolls
D:7:      layout_rooms, uniq_duvessa
D:8:      minmay_octagon_keep, layout_cave_pools, old_standard_altar,
          marbit_many_paths, enter_bailey_2, hangedman_ranch
          [blue_anna_fruit_fields], okawaru_humans, uniq_erica
Temple:   zaba_magenta_temple
Bailey:   bailey_polearm_4, bailey

Skill      XL: |  1  2  3  4  5  6  7  8  9 |
---------------+----------------------------+-----
Charms         | 2 3 5 |  5.4
Ice Magic      | 2 3 5 |  5.4
Invocations    | 1 2 3 4 6 |  6.5
Short Blades   | 1 2 3 6 |  6.0
Long Blades    | 1 2 3 6 |  6.0
Axes           | 1 2 3 6 |  6.0
Polearms       | 1 2 3 6 |  6.0
Staves         | 1 2 3 6 |  6.0
Slings         | 1 2 3 6 |  6.0
Bows           | 1 2 3 6 |  6.0
Crossbows      | 1 2 3 6 |  6.0
Throwing       | 1 2 3 6 |  6.0
Dodging        | 1 2 3 6 |  6.0
Stealth        | 1 2 3 6 |  6.0
Unarmed Combat | 1 2 3 6 |  6.0
Evocations     | 1 2 3 6 |  6.0
Spellcasting   | 3 4 6 |  6.7
Conjurations   | 1 2 3 4 |  4.9
Hexes          | 1 2 3 4 |  4.9
Summonings     | 1 2 3 4 |  4.9
Necromancy     | 1 2 3 4 |  4.9
Translocations | 1 2 3 4 |  4.9
Transmutations | 1 2 3 4 |  4.9
Fire Magic     | 1 2 3 4 |  4.9
Air Magic      | 1 2 3 4 |  4.9
Earth Magic    | 1 2 3 4 |  4.9
Poison Magic   | 1 2 3 4 |  4.9
Fighting       | 3 4 6 |  6.6
Maces & Flails | 3 4 6 |  6.6
Shields        | 5 6 7 |  7.6
Armour         | 7 9 |  9.0

Action                   |  1- 3 |  4- 6 |  7- 9 | 10-12 || total
-------------------------+-------+-------+-------+-------++-------
Melee: Mace              |   119 |   164 |       |       ||   283
       Bite              |     9 |    29 |    65 |       ||   103
       Punch             |     1 |     1 |       |       ||     2
       Short sword       |       |    91 |   451 |     3 ||   545
       Spear             |       |       |     7 |       ||     7
Throw: Stone             |     2 |     6 |    16 |       ||    24
Evoke: Wand              |       |       |     2 |       ||     2
  Use: Scroll            |       |    10 |    16 |       ||    26
       Potion            |       |       |     3 |     1 ||     4
 Stab: Sleeping          |       |       |     4 |       ||     4
  Eat: Chunk             |     1 |     8 |    11 |       ||    20
       Ration            |       |       |     2 |       ||     2
Armor: Scale mail        |    72 |   143 |   158 |       ||   373
       Ring mail         |       |       |    35 |       ||    35
Dodge: Dodged            |    59 |   117 |   157 |     7 ||   340
Block: Shield            |       |    73 |   289 |     4 ||   366
